 Dungeon Crawl Stone Soup version 0.31-a0-355-g57cb03d3e8 (webtiles) character file.

Game seed: 8467005908375915851

298 Newt the Changeling (level 6, -9/44 (48) HPs)
             Began as a Merfolk Shapeshifter on July 24, 2023.
             Mangled by Blork the orc
             ... wielding a +2 morningstar of holy wrath
              (12 damage)
             ... on level 4 of the Dungeon.
             The game lasted 00:02:44 (3258 turns).

Newt the Changeling (Merfolk Shapeshifter)          Turns: 3258, Time: 00:02:45

HP:   -9/44 (48)    AC:  3    Str: 23    XL:     6   Next: 36%
MP:   6/6           EV: 12    Int:  8    God:
Gold: 127           SH:  0    Dex: 14    Spells: 5/5 levels left

rFire   . . .        v - +1 dagger (venom)
rCold   . . .        t - orb {light}
rNeg    . . .        a - +1 animal skin
rPois   .            (helmet currently unavailable)
rElec   .            (cloak currently unavailable)
rCorr   +            (gloves currently unavailable)
SInv    .            (boots currently unavailable)
Will    .....        (no amulet)
Stlth   +            k - +6 ring of strength
HPRegen 0.27/turn    s - ring of resist corrosion
MPRegen 0.10/turn

%: no passive effects
@: beast-form, glowing, drained
A: beast (slay +4), (nimble swimmer 2), mertail
a: Begin Untransformation


You were on level 4 of the Dungeon.
You were a hulking beast.
You visited 1 branch of the dungeon, and saw 4 of its levels.

You collected 127 gold pieces.

Inventory:

Hand Weapons
 d - a +1 flail of draining
 v - a +1 dagger of venom (weapon)
Missiles
 m - 3 boomerangs
 o - 2 poisoned darts
Armour
 a - a +1 animal skin (worn)
 t - an orb of light (worn)
Jewellery
 h - an amulet of magic regeneration
 k - a +6 ring of strength (left hand)
 l - an amulet of faith
 s - a ring of resist corrosion (right hand)
Talismans
 c - a beast talisman
Wands
 p - a wand of mindburst (8)
Potions
 b - 2 potions of lignification
 e - 2 potions of enlightenment
 f - 2 potions of haste
 g - a potion of degeneration {unknown}
 i - a potion of brilliance {unknown}
 j - 2 potions of curing {unknown}
 q - 2 potions of ambrosia {unknown}
 r - 2 potions of magic {unknown}
 u - a potion of cancellation {unknown}


   Skills:
 - Level 4.0 Fighting
 - Level 2.6 Dodging
 - Level 3.2 Unarmed Combat
 + Level 6.9 Shapeshifting


You had 5 spell levels left.
You didn't know any spells.
Your spell library contained the following spells:

 Spells                   Type           Power      Damage    Failure   Level
 Gell's Gravitas          Tloc           0%         N/A       78%         3
 Teleport Other           Tloc           0%         N/A       78%         3
 Dispersal                Tloc           0%         N/A       100%        6


Dungeon Overview and Level Annotations

Branches:
Dungeon (4/15)
 Temple: D:4-7

Altars:
Uskayaw

Shops:
D:2 ?

Annotations:
D:4 Blork the orc


Innate Abilities, Weirdness & Mutations

You are a hulking beast.
Your limbs bulge with bestial killing power. (Slay +4)
((You are very nimble when in or above water. (Stealth+, EV+, Speed+++)))
Your lower body shifts to a powerful aquatic tail in water.


Message History

Found an orange potion and a book of Cantrips.
Found a stone staircase leading up.
Blork the orc shouts!
The hobgoblin shouts!
You hear an angry hiss.
You hit Blork the orc but do no damage.
Blork the orc gestures wildly while chanting.
Blork the orc seems to speed up.
You barely miss Blork the orc.
Blork the orc hits you with a +2 morningstar of holy wrath.
You hit Blork the orc.
Blork the orc is poisoned.
Blork the orc is lightly wounded.
Blork the orc begins to cast a cantrip, but forgets the words!
Blork the orc casts a cantrip, but nothing happens.
The hobgoblin hits you but does no damage.
You hit Blork the orc.
Blork the orc is lightly wounded.
Blork the orc casts a cantrip, but nothing happens.
The hobgoblin hits you but does no damage.
You hit Blork the orc.
Blork the orc is moderately wounded.
Blork the orc points at you and mumbles some strange words.
The puff of frost hits you! Blork the orc completely misses you.
The hobgoblin hits you.
You hit Blork the orc.
Blork the orc looks as sick as possible!
Blork the orc is moderately wounded.
Blork the orc hits you with a +2 morningstar of holy wrath!
The hobgoblin barely misses you.
You hit Blork the orc.
Blork the orc looks as sick as possible!
Blork the orc is heavily wounded.
Blork the orc hits you with a +2 morningstar of holy wrath!
* * * LOW HITPOINT WARNING * * *
Blork the orc points at you and mumbles some strange words.
The puff of frost hits you!
* * * LOW HITPOINT WARNING * * *
The hobgoblin closely misses you.
Unknown command.
The hobgoblin closely misses you.
Blork the orc hits you with a +2 morningstar of holy wrath!
You die...

#.... .
#...# ..
##...##...
.......
#.... #
#..#
#.##..#
#...go#
......#.h#
.........#
.####.#...
#.#.#.! .
....#. #
.#.#.:..
... .. ##
. #. #.#


You could see Blork the orc (fast, extremely poisoned) and a hobgoblin.

Vanquished Creatures
  Sigmund (D:3)
  4 gnolls (D:3)
  An adder (D:2)
  2 worms
  3 dart slugs
  13 ball pythons
  An endoplasm (D:2)
  4 giant cockroaches
  4 goblins
  11 hobgoblins
  8 jackals
  2 quokkas (D:1)
  5 bats
  6 frilled lizards
  8 kobolds
  7 rats
80 creatures vanquished.

Notes
Turn   | Place    | Note
-------+----------+-------------------------------------------
     0 | D:1      | Newt the Merfolk Shapeshifter began the quest for the Orb.
     0 | D:1      | Reached XP level 1. HP: 15/15 MP: 1/1
    89 | D:1      | Reached XP level 2. HP: 20/22 MP: 2/2
   446 | D:1      | Reached XP level 3. HP: 29/29 MP: 3/3
  1171 | D:2      | Found Zytelo Poso's Magic Scroll Shop.
  1429 | D:2      | Reached XP level 4. HP: 32/37 MP: 4/4
  2151 | D:3      | Found a faded altar of an unknown god.
  2181 | D:3      | Found a hide-covered altar of Uskayaw.
  2208 | D:3      | Noticed Sigmund
  2220 | D:3      | Killed Sigmund
  2221 | D:3      | Reached skill level 6 in Shapeshifting
  2221 | D:3      | Reached XP level 5. HP: 40/42 MP: 5/5
  2221 | D:3      | Reached XP level 6. HP: 46/48 MP: 6/6
  3249 | D:4      | Noticed Blork the orc
  3258 | D:4      | Mangled by Blork the orc

Illustrated notes

Levels and vault maps discovered:
D:1:      wander_arrival_chamber, layout_basic, minmay_vboxes
D:2:      mumra_celtic_spiral_tile, layout_basic, serial_shops,
          nicolae_shop_waterfront
D:3:      layout_basic, old_standard_altar, basic_ecumenical_altar,
          nicolae_figureground_pulse, uniq_sigmund
D:4:      layout_loops_ring, kennysheep_little_box, ebering_ghost_rock_garden,
          uniq_pikel, uniq_blork_the_orc

Skill      XL: |  1  2  3  4 |
---------------+-------------+-----
Fighting       | 2 3 4 |  4.0
Shapeshifting  | 6 |  6.9
Dodging        | |  2.6
Unarmed Combat | |  3.2

Action                     |  1- 3 |  4- 6 || total
---------------------------+-------+-------++-------
  Melee: Unarmed           |   108 |    57 ||   165
         Punch             |     1 |       ||     1
         Dagger            |       |    14 ||    14
         Flail             |       |    11 ||    11
  Evoke: Wand              |       |     1 ||     1
    Use: Scroll            |     5 |     4 ||     9
   Stab: Distracted        |     1 |       ||     1
         Sleeping          |       |     1 ||     1
 Armour: Animal skin       |    27 |    18 ||    45
  Dodge: Dodged            |    76 |    49 ||   125

Table legend: (Time is in decaauts)
 A = Elapsed time spent in this place.
 B = Non-inter-level travel time spent in this place.
 C = Inter-level travel time spent in this place.
 D = Time resting spent in this place.
 E = Time spent auto-exploring this place.
 F = Levels seen in this place.
 G = Mean time per level.
                   A        B        C        D        E       F      G
               +--------+--------+--------+--------+--------+-----+--------+
         Total |   3249 |   3029 |    220 |    611 |   1986 |   4 |  812.2 |
       Dungeon |   3249 |   3029 |    220 |    611 |   1986 |   4 |  812.2 |
               +--------+--------+--------+--------+--------+-----+--------+

Top non-repeatable levels by time:
     D:2: 1171 daAuts
     D:3: 1108 daAuts
     D:1: 955 daAuts
     D:4: 13 daAuts
